 Dungeon Crawl Stone Soup version 0.17-a0-2027-gcac42c4 (webtiles) character file.

299 pk666 the Magician (level 6, -3/32 HPs)
             Began as a Deep Elf Wizard on Oct 10, 2015.
             Slain by a hound (4 damage)
             ... on level 3 of the Dungeon on Oct 11, 2015.
             The game lasted 00:15:59 (5088 turns).

pk666 the Magician (Deep Elf Wizard)                Turns: 5088, Time: 00:15:59

Health: -3/32      AC:  4    Str:  4    XL:     6   Next: 13%
Magic:  1/17       EV: 12    Int: 29    God:
Gold:   173        SH:  0    Dex: 13    Spells: 5 memorised, 6 levels left

rFire  . . .     SeeInvis .     j - +0 dagger
rCold  . . .     Clarity  .     a - +0 robe
rNeg   . . .     SustAt   .     (no shield)
rPois  .         Gourm    .     b - +0 hat
rElec  .         Spirit   .     y - +0 cloak
rCorr  .         Warding  .     i - +0 pair of gloves
rMut   .         Stasis   .     (no boots)
MR     .....                    e - amulet of faith
Stlth  +++.......               z - +4 ring of intelligence
                                g - ring of stealth

@: very slightly contaminated, repel missiles, not resistant to hostile
enchantments, fairly stealthy
A: no striking features
a: no special abilities


You were on level 3 of the Dungeon.
You were hungry.

You visited 1 branch of the dungeon, and saw 4 of its levels.

You collected 173 gold pieces.

Inventory:

Hand Weapons
 j - a +0 dagger (weapon)
Armour
 a - a +0 robe (worn)
 b - a +0 hat (worn)
 i - a +0 pair of gloves (worn)
 y - a +0 cloak (worn)
Jewellery
 e - an amulet of faith (around neck)
 g - a ring of stealth (left hand)
 z - a +4 ring of intelligence (right hand)
Wands
 t - a wand of flame (11)
Scrolls
 f - 3 scrolls of teleportation {unknown}
 l - 3 scrolls of identify {unknown}
 n - 4 scrolls of blinking {unknown}
 p - a scroll of remove curse {unknown}
 r - 4 scrolls of enchant weapon {unknown}
 s - a scroll of amnesia {unknown}
 u - a scroll of noise {unknown}
 v - a scroll of recharging {unknown}
 x - a scroll of magic mapping {unknown}
Potions
 h - a potion of brilliance {unknown}
 m - a potion of magic {unknown}
 q - 2 potions of heal wounds {unknown}
 A - a potion of might {unknown}
Books
 c - a book of Minor Magic

   Spells                             Type                      Level
   a - Magic Dart                     Conjuration                  1
   b - Blink                          Translocation                2
   c - Call Imp                       Summoning                    2
   d - Repel Missiles                 Charms/Air                   2
   e - Slow                           Hexes                        2
   f - Conjure Flame                  Conjuration/Fire             3
   g - Mephitic Cloud                 Conjuration/Poison/Air       3
Comestibles
 d - 2 bread rations
 k - 3 beef jerkies
 o - 4 meat rations


   Skills:
 - Level 2.4 Dodging
 - Level 2.4 Stealth
 + Level 6.4 Spellcasting
 + Level 3.5 Conjurations
   Level 1.1 Summonings
 - Level 1.1 Translocations
 + Level 2.3 Air Magic
 + Level 2.7 Poison Magic


You had 6 spell levels left.
You knew the following spells:

 Your Spells              Type           Power        Failure   Level  Hunger
d - Conjure Flame         Conj/Fire      ###.....     10%         3    None
q - Blink                 Tloc           N/A          6%          2    None
w - Repel Missiles        Chrm/Air       ###...       6%          2    None
x - Mephitic Cloud        Conj/Pois/Air  ####....     6%          3    None
z - Magic Dart            Conj           ####         1%          1    None


Dungeon Overview and Level Annotations

Branches:
Dungeon (4/15)
 Temple: D:4-7

Altars:
Gozag
Nemelex Xobeh

Annotations:
D:3 radek's ghost, amateur DrCK


Message History

* * * LOW HITPOINT WARNING * * *
The hound bites you but does no damage. The hound closely misses you.
The hound bites you but does no damage. The hound bites you but does no damage.
The hound stops to sniff the ground.
The hound closely misses you. The hound bites you.
* * * LOW HITPOINT WARNING * * *
The hound closely misses you.
Casting: Magic Dart
Confirm with . or Enter, or press ? or * to list all spells.
You miscast Blink.
You are very lightly contaminated with residual magic.
Nothing appears to happen.
The hound bites you but does no damage. The hound misses you.
The hound bites you.
* * * LOW HITPOINT WARNING * * *
You closely miss the hound. The hound bites you.
You die...

#.# #.# #.# #.#
######### #.#
#.......#
####.######.......#
.........##.......#
###...##........<.#
#..)..####.....@.#
##>..## #..(..h.#
##.## #.......# #.#
####.#### #.# #.#
##'## #.# ##...##
#.#### ##.....##
#....# #.......##
##.##.#


You could see a hound.

Vanquished Creatures
  A killer bee (D:4)
  A hound (D:4)
  An iguana (D:4)
  The ghost of asdu the Chucker, a weakling KoHu (D:4)
  10 adders
  An ooze (D:4)
  3 worms
  4 giant geckos
  An orc (D:4)
  2 giant cockroaches (D:1)
  15 hobgoblins
  10 kobolds
  5 quokkas
  3 ball pythons
  6 bats
  5 giant newts
  12 goblins
  2 rats
83 creatures vanquished.

Notes
Turn   | Place    | Note
--------------------------------------------------------------
     0 | D:1      | pk666 the Deep Elf Wizard began the quest for the Orb.
     0 | D:1      | Reached XP level 1. HP: 10/10 MP: 7/7
   440 | D:1      | Reached XP level 2. HP: 15/15 MP: 7/9
   963 | D:2      | Reached skill level 5 in Spellcasting
  1227 | D:2      | Found a sparkling altar of Nemelex Xobeh.
  1300 | D:2      | Reached XP level 3. HP: 13/19 MP: 0/11
  1515 | D:2      | Learned a level 2 spell: Blink
  1518 | D:2      | Learned a level 2 spell: Repel Missiles
  1522 | D:2      | Learned a level 3 spell: Conjure Flame
  1526 | D:2      | Learned a level 3 spell: Mephitic Cloud
  2017 | D:2      | Reached skill level 1 in Poison Magic
  2062 | D:2      | Reached XP level 4. HP: 11/24 MP: 4/13
  2523 | D:3      | Noticed radek's ghost (amateur DrCK)
  2632 | D:3      | Reached skill level 1 in Air Magic
  3603 | D:3      | Reached skill level 6 in Spellcasting
  3603 | D:3      | Reached XP level 5. HP: 28/28 MP: 9/15
  4490 | D:4      | Found an opulent altar of Gozag.
  4619 | D:4      | Reached XP level 6. HP: 28/32 MP: 10/17
  4991 | D:4      | Noticed asdu's ghost (weakling KoHu)
  5003 | D:4      | Killed asdu's ghost
  5086 | D:3      | HP: 1/32 [hound (5)]
  5088 | D:3      | Slain by a hound

Vault maps used:
D:1:      lemuel_arrival_funnel
D:2:      first_bread, nemelex_spade_bored_becter
D:3:      minivault_26
D:4:      kennysheep_little_box

Action                   |  1- 3 |  4- 6 || total
-------------------------+-------+-------++-------
Melee: Dagger            |     5 |     2 ||     7
 Cast: Magic Dart        |   101 |   148 ||   249
       Repel Missiles    |     1 |       ||     1
       Conjure Flame     |       |     6 ||     6
       Blink             |       |     3 ||     3
       Mephitic Cloud    |       |     1 ||     1
  Eat: Chunk             |     3 |     8 ||    11
       Fruit             |       |     1 ||     1
